 Dungeon Crawl Stone Soup version 0.29-a0-241-g20d21d4356 (webtiles) character file.

Game seed: 12420510762722470438

86 HotDog the Covered (level 4, 0/40 HPs)
             Began as a Minotaur Fighter on Mar 4, 2022.
             Slain by Grinder (4 damage)
             ... on level 3 of the Dungeon.
             The game lasted 00:03:10 (1908 turns).

HotDog the Covered (Minotaur Fighter)               Turns: 1908, Time: 00:03:10

Health: 0/40       AC: 11    Str: 22    XL:     4   Next: 26%
Magic:  3/3        EV:  9    Int:  5    God:
Gold:   113        SH:  4    Dex: 10    Spells: 3/3 levels left

rFire   . . .      SeeInvis .   a - +0 long sword
rCold   . . .      Faith    .   c - +0 buckler
rNeg    . . .      Spirit   .   b - +0 scale mail
rPois   .          Reflect  .   (helmet restricted)
rElec   .          Harm     .   (no cloak)
rCorr   .          Rampage  .   (no gloves)
Will    .....                   (no boots)
Stlth   ..........              i - amulet of the acrobat
HPRegen 0.13/turn               e - +4 ring of protection
MPRegen 0.08/turn               (no ring)

@: mighty
A: horns 2, retaliatory headbutt
a: no special abilities


You were on level 3 of the Dungeon.
You visited 1 branch of the dungeon, and saw 3 of its levels.

You collected 113 gold pieces.

Inventory:

Hand Weapons
 a - a +0 long sword (weapon)
Armour
 b - a +0 scale mail (worn)
 c - a +0 buckler (worn)
Jewellery
 e - a +4 ring of protection (left hand)
 i - an amulet of the acrobat (around neck)
Scrolls
 g - a scroll of enchant weapon {unknown}
 j - a scroll of torment
 k - a scroll of teleportation
Potions
 f - a potion of ambrosia
 h - 2 potions of haste
 l - a potion of invisibility {unknown}


   Skills:
 * Level 4.2 Fighting
 * Level 3.4 Long Blades
 * Level 4.2 Armour
 * Level 1.4 Dodging
 * Level 4.2 Shields


You had 3 spell levels left.
You didn't know any spells.
Your spell library was empty.

Dungeon Overview and Level Annotations

Branches:
Dungeon (3/15)

Altars:
Gozag

Annotations:
D:3 Grinder


Innate Abilities, Weirdness & Mutations

You have a pair of horns on your head.
You reflexively headbutt those who attack you in melee.


Message History

The orc misses you.
Things that are here:
a +0 trident; a +0 ring mail; an orc corpse You hit the orc but do no damage.
You block the orc's attack. The orc hits you but does no damage.
You hit the orc but do no damage. The orc hits you but does no damage.
You hit the orc. You headbutt the orc.
You kill the orc!
You hear the rusting of a very distant drain.
You hear the brisk rusting of a very distant drain.
Things that are here:
a +0 club; a +0 chain mail; an orc corpse You hear the brisk rusting of a very distant drain.
Things that are here:
a +0 club; a +0 leather armour; an orc corpse You open the door.
Found a scale mail.
Found a stone staircase leading down.
Grinder comes into view.
Grinder shouts!
Grinder is nearby!
Found 2 gold pieces.
Grinder is nearby!
You feel very mighty all of a sudden. Grinder gestures at you.
Pain shoots through your body! Grinder hits you but does no damage.
Grinder gestures at you. Pain shoots through your body!
You slice Grinder!!
Grinder is heavily wounded.
Grinder hits you but does no damage. Grinder gestures at you.
Pain shoots through your body!
* * * LOW HITPOINT WARNING * * *
You closely miss Grinder. You headbutt Grinder.
Grinder is severely wounded.
Grinder hits you!
* * * LOW HITPOINT WARNING * * *
You writhe in agony.
You die...

.....#########.#.# #.#
.....###### #.#†# #.#
..)..'....# #.#.####### #.#
.....####.# #.#...†.†.# #.#
.####.....# #.#######.# #.#
###.......## #.#######.# #.#
#........# #.......#.# #.#
#........###.......#.#######.#
###.......##..@....#.........#
#.....#.##..5....###########
#.....#..........#
#.....#....#....##
#.....#....#.$.....
#.....#....#.......
.......#....#........
.......#.[.>#........
.....#.......


You could see Grinder.

Vanquished Creatures
  3 adders (D:2)
  2 dart slugs
  3 orcs (D:3)
  7 bats
  6 endoplasms
  A giant cockroach (D:1)
  4 goblins
  5 hobgoblins
  3 kobolds (D:1)
  3 quokkas
  6 ball pythons
  4 frilled lizards
  3 rats
50 creatures vanquished.

Vanquished Creatures (others)
  A plant (D:1)
1 creature vanquished.

Grand Total: 51 creatures vanquished

Notes
Turn   | Place    | Note
-------+----------+-------------------------------------------
     0 | D:1      | HotDog the Minotaur Fighter began the quest for the Orb.
     0 | D:1      | Reached XP level 1. HP: 19/19 MP: 0/0
    66 | D:1      | Reached XP level 2. HP: 19/27 MP: 1/1
   438 | D:1      | Reached skill level 1 in Dodging
   669 | D:1      | Found a faded altar of an unknown god.
   887 | D:2      | Reached XP level 3. HP: 33/33 MP: 2/2
  1315 | D:2      | Found an opulent altar of Gozag.
  1375 | D:2      | Reached XP level 4. HP: 40/40 MP: 3/3
  1901 | D:3      | Noticed Grinder
  1908 | D:3      | Slain by Grinder

Illustrated notes

Levels and vault maps discovered:
D:1:      eino_arrival_tree_alley, layout_rooms,
          dreamdust_ecumenical_altar_hidden_monk_grotto,
          hangedman_decor_slide_cut
D:2:      minmay_wonky_spiral, layout_basic, basic_altar
D:3:      minmay_spotlight, layout_basic, portal_sewer_entry_b, uniq_grinder

Skill      XL: |  1  2  3 |
---------------+----------+-----
Dodging        | 1 |  1.4
Armour         | 4 |  4.2
Fighting       | 4 |  4.2
Shields        | 4 |  4.2
Long Blades    | 3 |  3.4

Action                   |  1- 3 |  4- 6 || total
-------------------------+-------+-------++-------
Melee: Long sword        |    87 |    37 ||   124
       Headbutt          |     8 |     6 ||    14
  Use: Scroll            |     3 |     2 ||     5
       Potion            |       |     1 ||     1
Armor: Scale mail        |    50 |    20 ||    70
Dodge: Dodged            |    50 |    25 ||    75
Block: Buckler           |    23 |    10 ||    33

Table legend: (Time is in decaauts)
 A = Elapsed time spent in this place.
 B = Non-inter-level travel time spent in this place.
 C = Inter-level travel time spent in this place.
 D = Time resting spent in this place.
 E = Time spent auto-exploring this place.
 F = Levels seen in this place.
 G = Mean time per level.
                   A        B        C        D        E       F      G
               +--------+--------+--------+--------+--------+-----+--------+
         Total |   1942 |   1895 |     47 |      0 |   1551 |   3 |  647.3 |
       Dungeon |   1942 |   1895 |     47 |      0 |   1551 |   3 |  647.3 |
               +--------+--------+--------+--------+--------+-----+--------+

Top non-repeatable levels by time:
     D:2: 805 daAuts
     D:1: 759 daAuts
     D:3: 377 daAuts
